SA
DELAWARE 1787 BC @ BELLEVUE BRUINS
06/18/2029
 
TOP OF THE 1ST
Delaware 1787 BC batting - Pitching for Bellevue Bruins : RHP Justin Flynn
Pitching: RHP Justin Flynn
Batting: RHB Jesús Guzmán 0-0: Foul Ball, location: 2F
0-1: Called Strike
0-2: Ball
1-2: Ball
2-2: Ball
3-2: Foul Ball, location: 2F
3-2: Base on Balls
Batting: RHB John Willoughby 0-0: Ball
1-0: Ball
2-0: Grounds into double play, 6-4-3 (Groundball, 6M)
Batting: LHB Ramón Garmendia 0-0: Called Strike
0-1: SINGLE (Line Drive, 4D)
Batting: RHB Mikko Haataja 0-0: Ball
1-0: Called Strike
1-1: Ball
2-1: Foul Ball, location: 2F
2-2: SINGLE (Flyball, 78S)
Ramón Garmendia to second
Batting: LHB Kelvin Abbott 0-0: Called Strike
0-1: Ball
1-1: Ball
2-1: Ground out 4-3 (Groundball, 4)
Top of the 1st over - 0 runs, 2 hits, 0 errors, 2 left on base; Delaware 0 - Bellevue 0
BOTTOM OF THE 1ST
Bellevue Bruins batting - Pitching for Delaware 1787 BC : LHP Will Hoffman
Pitching: LHP Will Hoffman
Batting: LHB Juan Romero 0-0: Ball
1-0: Fly out, F8 (Flyball, 8RM)
Batting: RHB Ryan Faulkner 0-0: Bunt for hit - play at first, batter OUT! 1-3
Batting: RHB Miguel Elías 0-0: Called Strike
0-1: Fly out, F8 (Flyball, 89D)
Bottom of the 1st over - 0 runs, 0 hits, 0 errors, 0 left on base; Delaware 0 - Bellevue 0
TOP OF THE 2ND
Delaware 1787 BC batting - Pitching for Bellevue Bruins : RHP Justin Flynn
Batting: RHB Ryobe Sasaki 0-0: Called Strike
0-1: Fly out, F8 (Flyball, 8LD)
Batting: SHB Curt Pack 0-0: Swinging Strike
0-1: Ball
1-1: Swinging Strike
1-2: Ground out 5-3 (Groundball, 25)
Batting: LHB Bryce Abood 0-0: Foul Ball, location: 2F
0-1: Ball
1-1: Foul Ball, location: 2F
1-2: Ball
2-2: Strikes out swinging
Top of the 2nd over - 0 runs, 0 hits, 0 errors, 0 left on base; Delaware 0 - Bellevue 0
BOTTOM OF THE 2ND
Bellevue Bruins batting - Pitching for Delaware 1787 BC : LHP Will Hoffman
Batting: SHB Aurelio Jiménez 0-0: Swinging Strike
0-1: Foul Ball, location: 2F
0-2: Fly out, F8 (Flyball, 8RM)
Batting: SHB Júlio Morín Jr. 0-0: Ball
1-0: Called Strike
1-1: Swinging Strike
1-2: Strikes out swinging
Batting: LHB David Muller 0-0: Ball
1-0: Ground out 4-3 (Groundball, 34D)
Bottom of the 2nd over - 0 runs, 0 hits, 0 errors, 0 left on base; Delaware 0 - Bellevue 0
TOP OF THE 3RD
Delaware 1787 BC batting - Pitching for Bellevue Bruins : RHP Justin Flynn
Batting: RHB Félix Ellard 0-0: Ball
1-0: Ball
2-0: Ball
3-0: Called Strike
3-1: Base on Balls
Batting: RHB Jesús Guzmán 0-0: Ball
1-0: Ball
2-0: Ball
3-0: Base on Balls
Félix Ellard to second
Batting: RHB John Willoughby 0-0: Ball
1-0: SINGLE (Line Drive, 78S)
Félix Ellard to third
Jesús Guzmán to second
Batting: LHB Ramón Garmendia 0-0: Called Strike
0-1: Called Strike
0-2: Ball
1-2: Fly out, F8 (Flyball, 8RS)
Runner from 3rd tags up, SCORES, no throw
Batting: RHB Mikko Haataja 0-0: Ball
1-0: Ball
2-0: Foul Ball, location: 2F
2-1: Called Strike
2-2: Ball
3-2: Fielders Choice at 2nd, 1-6 (Groundball, P)
Jesús Guzmán to third
Batting: LHB Kelvin Abbott 0-0: Called Strike
0-1: Called Strike
0-2: Ball
1-2: Ball
2-2: Strikes out looking
Top of the 3rd over - 1 run, 1 hit, 0 errors, 2 left on base; Delaware 1 - Bellevue 0
BOTTOM OF THE 3RD
Bellevue Bruins batting - Pitching for Delaware 1787 BC : LHP Will Hoffman
Batting: RHB Ramón Ramírez 0-0: Foul Ball, location: 2F
0-1: Ball
1-1: Ball
2-1: Ground out 5-3 (Groundball, 5)
Batting: LHB Domingo Colón 0-0: Called Strike
0-1: Ball
1-1: Foul Ball, location: 2F
1-2: Strikes out swinging
Batting: RHB Dennis Shaw 0-0: Ball
1-0: Ground out 6-3 (Groundball, 6)
Bottom of the 3rd over - 0 runs, 0 hits, 0 errors, 0 left on base; Delaware 1 - Bellevue 0
TOP OF THE 4TH
Delaware 1787 BC batting - Pitching for Bellevue Bruins : RHP Justin Flynn
Batting: RHB Ryobe Sasaki 0-0: Foul Ball, location: 2F
0-1: SINGLE (Groundball, 4D)
Pitching: RHP Jerry Kumpf
Batting: SHB Curt Pack 0-0: Ball
1-0: Called Strike
1-1: Ball
2-1: Ball
3-1: Base on Balls
Ryobe Sasaki to second
Batting: LHB Bryce Abood 0-0: Called Strike
0-1: Called Strike
0-2: Foul Ball, location: 2F
0-2: Strikes out swinging
Batting: RHB Félix Ellard 0-0: Called Strike
0-1: Foul Ball, location: 2F
0-2: Foul Ball, location: 2F
0-2: Grounds into double play, 4-6-3 (Groundball, 4)
Top of the 4th over - 0 runs, 1 hit, 0 errors, 1 left on base; Delaware 1 - Bellevue 0
BOTTOM OF THE 4TH
Bellevue Bruins batting - Pitching for Delaware 1787 BC : LHP Will Hoffman
Batting: LHB Juan Romero 0-0: Ball
1-0: Bunt missed!
1-1: Called Strike
1-2: Strikes out swinging
Batting: RHB Ryan Faulkner 0-0: Ball
1-0: Called Strike
1-1: Fly out, F7 (Flyball, 7LMF)
Batting: RHB Miguel Elías 0-0: Called Strike
0-1: Ball
1-1: Ball
2-1: Swinging Strike
2-2: Ball
3-2: Fly out, F9 (Flyball, 89S)
Bottom of the 4th over - 0 runs, 0 hits, 0 errors, 0 left on base; Delaware 1 - Bellevue 0
TOP OF THE 5TH
Delaware 1787 BC batting - Pitching for Bellevue Bruins : RHP Jerry Kumpf
Batting: RHB Jesús Guzmán 0-0: Called Strike
0-1: Foul Ball, location: 2F
0-2: Strikes out swinging
Batting: RHB John Willoughby 0-0: Called Strike
0-1: Ball
1-1: Foul Ball, location: 2F
1-2: Strikes out looking
Batting: LHB Ramón Garmendia 0-0: Ball
1-0: Swinging Strike
1-1: Swinging Strike
1-2: Strikes out swinging
Top of the 5th over - 0 runs, 0 hits, 0 errors, 0 left on base; Delaware 1 - Bellevue 0
BOTTOM OF THE 5TH
Bellevue Bruins batting - Pitching for Delaware 1787 BC : LHP Will Hoffman
Batting: SHB Aurelio Jiménez 0-0: Called Strike
0-1: Fly out, F9 (Flyball, 9D)
Batting: SHB Júlio Morín Jr. 0-0: Called Strike
0-1: Ball
1-1: Ball
2-1: Ball
3-1: SINGLE (Line Drive, 78S)
Batting: LHB David Muller 0-0: Swinging Strike
0-1: Called Strike
0-2: SINGLE (Line Drive, 4M)
Júlio Morín Jr. to second
Batting: RHB Ramón Ramírez 0-0: Called Strike
0-1: Ball
1-1: Fielders Choice at 2nd, 3-6 (Groundball, 34)
Júlio Morín Jr. to third
Batting: LHB Domingo Colón 0-0: Ball
1-0: Ball
2-0: Swinging Strike
2-1: Foul Ball, location: 2F
2-2: Foul Ball, location: 2F
2-2: Strikes out looking
Bottom of the 5th over - 0 runs, 2 hits, 0 errors, 2 left on base; Delaware 1 - Bellevue 0
TOP OF THE 6TH
Delaware 1787 BC batting - Pitching for Bellevue Bruins : RHP Jerry Kumpf
Batting: RHB Mikko Haataja 0-0: Ground out 5-3 (Groundball, 5S)
Batting: LHB Kelvin Abbott 0-0: Called Strike
0-1: DOUBLE (Flyball, 89XD)
Batting: RHB Ryobe Sasaki 0-0: Called Strike
0-1: Hit by Pitch
Batting: SHB Curt Pack 0-0: Called Strike
Kelvin Abbott steals 3rd base
0-1: Ball
1-1: Foul Ball, location: 2F
1-2: Ball
2-2: Ball
3-2: Fly out, F7 (Line Drive, 78D)
Runner from 3rd tags up, SCORES, no throw
Batting: LHB Bryce Abood 0-0: Called Strike
0-1: Ball
1-1: Foul Ball, location: 2F
1-2: Ball
2-2: SINGLE (Flyball, 4D)
Ryobe Sasaki to second
Batting: RHB Félix Ellard 0-0: Ball
1-0: Fielders Choice at 2nd, 6-4 (Groundball, 6)
Top of the 6th over - 1 run, 2 hits, 0 errors, 2 left on base; Delaware 2 - Bellevue 0
BOTTOM OF THE 6TH
Bellevue Bruins batting - Pitching for Delaware 1787 BC : LHP Will Hoffman
Batting: RHB Dennis Shaw 0-0: Bunt missed!
0-1: Swinging Strike
0-2: Foul Ball, location: 2F
0-2: Reached on error, E6 (Groundball, 6)
Batting: LHB Juan Romero 0-0: Ball
1-0: Ball
2-0: Bunted foul
2-1: Sac Bunt - play at first, batter OUT! 2-4
Dennis Shaw to second
Batting: RHB Ryan Faulkner 0-0: Called Strike
0-1: Fly out, F5 (Popup, 5SF)
Batting: RHB Miguel Elías 0-0: Ball
1-0: SINGLE (Groundball, 15) (infield hit)
Dennis Shaw to third
Batting: SHB Aurelio Jiménez 0-0: Ball
1-0: Swinging Strike
1-1: Foul Ball, location: 2F
1-2: SINGLE (Line Drive, 8LS)
Dennis Shaw scores
Miguel Elías to second
Batting: SHB Júlio Morín Jr. 0-0: Ball
1-0: Called Strike
1-1: Ball
2-1: Swinging Strike
2-2: Ball
3-2: Strikes out swinging
Bottom of the 6th over - 1 run, 2 hits, 1 error, 2 left on base; Delaware 2 - Bellevue 1
TOP OF THE 7TH
Delaware 1787 BC batting - Pitching for Bellevue Bruins : RHP Jerry Kumpf
Batting: RHB Jesús Guzmán 0-0: DOUBLE (Line Drive, 89D)
Batting: RHB John Willoughby 0-0: Ball
1-0: DOUBLE (Line Drive, 7LD)
Jesús Guzmán scores
Batting: LHB Ramón Garmendia 0-0: Intentional Walk
Pitching: RHP Jin Kwon
Batting: RHB Mikko Haataja 0-0: Ball
1-0: Fly out, F7 (Line Drive, 7)
Batting: LHB Kelvin Abbott 0-0: Called Strike
0-1: Foul Ball, location: 2F
0-2: Ball
1-2: Fly out, F7 (Flyball, 7S)
Batting: RHB Ryobe Sasaki 0-0: Called Strike
0-1: Ball
1-1: Swinging Strike
1-2: Ball
2-2: Foul Ball, location: 2F
2-2: Ball
3-2: Strikes out swinging
Top of the 7th over - 1 run, 2 hits, 0 errors, 2 left on base; Delaware 3 - Bellevue 1
BOTTOM OF THE 7TH
Bellevue Bruins batting - Pitching for Delaware 1787 BC : LHP Will Hoffman
Batting: LHB David Muller 0-0: Ball
1-0: Called Strike
1-1: Ball
2-1: Foul Ball, location: 2F
2-2: Foul Ball, location: 2F
2-2: Ball
3-2: SINGLE (Line Drive, 4MD)
Batting: RHB Ramón Ramírez 0-0: Called Strike
0-1: Ball
David Muller is caught stealing 2nd base
1-1: Foul Ball, location: 2F
1-2: Ball
2-2: Ball
3-2: Fly out, F7 (Flyball, 7LMF)
Now in LF: Tobias Jimenez
Batting: LHB Domingo Colón 0-0: Ball
1-0: Ball
2-0: Ground out 6-3 (Groundball, 6)
Bottom of the 7th over - 0 runs, 1 hit, 0 errors, 0 left on base; Delaware 3 - Bellevue 1
TOP OF THE 8TH
Delaware 1787 BC batting - Pitching for Bellevue Bruins : RHP Jin Kwon
Batting: SHB Curt Pack 0-0: Swinging Strike
0-1: Ball
1-1: Called Strike
1-2: Strikes out swinging
Batting: LHB Bryce Abood 0-0: Ball
1-0: Ball
2-0: Ball
3-0: Base on Balls
Batting: RHB Tobias Jimenez 0-0: Called Strike
0-1: Ball
1-1: Ball
2-1: Ball
3-1: Fly out, F9 (Flyball, 89S)
Batting: RHB Jesús Guzmán 0-0: Fly out, F7 (Flyball, 7LM)
Top of the 8th over - 0 runs, 0 hits, 0 errors, 1 left on base; Delaware 3 - Bellevue 1
BOTTOM OF THE 8TH
Bellevue Bruins batting - Pitching for Delaware 1787 BC : LHP Will Hoffman
Batting: RHB Dennis Shaw 0-0: SINGLE (Flyball, 7LM)
Batting: LHB Juan Romero 0-0: Ball
1-0: Foul Ball, location: 2F
1-1: Ball
2-1: Ball
Passed Ball!
Dennis Shaw to second
3-1: SINGLE (Groundball, 34D)
Dennis Shaw to third
Batting: RHB Ryan Faulkner 0-0: Swinging Strike
0-1: Swinging Strike
0-2: Ball
1-2: Strikes out swinging
Batting: RHB Miguel Elías 0-0: Called Strike
0-1: Foul Ball, location: 2F
0-2: Ball
1-2: Ball
2-2: Fly out, F8 (Flyball, 8RXD)
Runner from 3rd tags up, SCORES, no throw
Batting: SHB Aurelio Jiménez 0-0: Ball
1-0: Foul Ball, location: 2F
1-1: Ball
2-1: Foul Ball, location: 2F
2-2: Ball
3-2: Fly out, F9 (Line Drive, 89D)
Bottom of the 8th over - 1 run, 2 hits, 0 errors, 1 left on base; Delaware 3 - Bellevue 2
TOP OF THE 9TH
Delaware 1787 BC batting - Pitching for Bellevue Bruins : RHP Jin Kwon
Batting: RHB John Willoughby 0-0: Ball
1-0: Swinging Strike
1-1: Foul Ball, location: 2F
1-2: Ball
2-2: Strikes out swinging
Batting: LHB Ramón Garmendia 0-0: Ball
1-0: Ball
2-0: Called Strike
2-1: TRIPLE (Flyball, 8RXD)
Batting: RHB Mikko Haataja 0-0: Called Strike
0-1: Foul Ball, location: 2F
0-2: Foul Ball, location: 2F
0-2: Ground out 5-3 (Groundball, 5)
Batting: LHB Kelvin Abbott 0-0: Called Strike
0-1: Ball
1-1: Ball
2-1: Foul Ball, location: 2F
2-2: Fly out, F8 (Flyball, 8LM)
Top of the 9th over - 0 runs, 1 hit, 0 errors, 1 left on base; Delaware 3 - Bellevue 2
BOTTOM OF THE 9TH
Bellevue Bruins batting - Pitching for Delaware 1787 BC : LHP Will Hoffman
Pitching: LHP Todd Howell
Batting: SHB Júlio Morín Jr. 0-0: Ground out 6-3 (Groundball, 6)
Pinch Hitting: SHB Jorge Ayala 0-0: Foul Ball, location: 2F
0-1: Ball
1-1: Swinging Strike
1-2: Ground out 6-3 (Groundball, 6)
Pinch Hitting: RHB Chris Knight 0-0: SINGLE (Line Drive, 9S)
Pinch Hitting: LHB Atro Jarvilehto 0-0: Ball
1-0: Ball
2-0: Ball
3-0: Base on Balls
Chris Knight to second
Batting: RHB Dennis Shaw 0-0: Ball
1-0: Ground out 5-3 (Groundball, 56S)
Bottom of the 9th over - 0 runs, 1 hit, 0 errors, 2 left on base; Delaware 3 - Bellevue 2
Tuesday, December 19th, 2017 - OOTP Baseball 18.8 Build 76